 Dungeon Crawl Stone Soup version 0.24.1 (webtiles) character file.

Game seed: 18007297584990440701, levelgen mode: deterministic

19659 Curus the Grappler (level 12, -1/123 HPs)
             Began as a Troll Monk on Mar 27, 2020.
             Slain by a yak (10 damage)
             ... on level 3 of the Lair of Beasts.
             The game lasted 00:49:41 (10402 turns).

Curus the Grappler (Troll Monk)                    Turns: 10402, Time: 00:49:42

Health: -1/123     AC: 15    Str: 22    XL:     12   Next: 38%
Magic:  15/15      EV: 15    Int: 12    God:
Gold:   851        SH: 13    Dex: 17    Spells: 11/11 levels left

rFire    + . .     SeeInvis .     - Unarmed
rCold    + + .     Gourm    +   A - +0 shield
rNeg     . . .     Faith    .   y - +2 robe {rC+}
rPois    +         Spirit   .   z - +2 hat of Nukoehoa {rPois rF+ Int+3}
rElec    .         Reflect  +   r - +0 cloak
rCorr    .         Harm     .   (gloves unavailable)
MR       .....                  (boots unavailable)
Stlth    ++........             p - +3 amulet of reflection
HPRegen  0.70/turn              m - +2 ring of slaying
MPRegen  0.14/turn              v - +4 ring of protection

@: no status effects
A: large, unfitting armour, claws 3, agile 1, clever 1, cold resistance 1, fast
metabolism 3, gourmand, regeneration 1, shaggy fur 1, tough skin 3
a: no special abilities


You were on level 3 of the Lair of Beasts.
You were completely stuffed.

You visited 3 branches of the dungeon, and saw 14 of its levels.
You also visited: Volcano.

You collected 851 gold pieces.

Inventory:

Armour
 a - a +2 robe
 r - a +0 cloak (worn)
 y - a +2 robe of cold resistance (worn)
 z - the +2 hat of Nukoehoa (worn) {rPois rF+ Int+3}
   (You found it on level 9 of the Dungeon)

   It affects your intelligence (+3).
   It protects you from fire.
   It protects you from poison.
 A - a +0 shield (worn)
Jewellery
 h - an uncursed ring of positive energy
 k - an uncursed amulet of faith
 m - a +2 ring of slaying (left claw)
 p - a +3 amulet of reflection (around neck)
 v - a +4 ring of protection (right claw)
 B - an uncursed ring of attention
 D - an uncursed ring of protection from fire
 E - an uncursed ring of positive energy
Wands
 c - a wand of flame (20)
 n - a wand of digging (8)
 q - a wand of iceblast (20)
 s - a wand of paralysis (6)
Scrolls
 e - 3 scrolls of fear
 f - 11 scrolls of identify
 g - 2 scrolls of amnesia
 j - 4 scrolls of remove curse
 l - a scroll of magic mapping
 w - a scroll of enchant weapon
 x - 2 scrolls of teleportation
Potions
 d - 4 potions of heal wounds
 i - 2 potions of invisibility
 o - 2 potions of haste
 t - 2 potions of curing
 u - a potion of resistance
 C - a potion of agility
 F - a potion of magic
Comestibles
 b - 22 rations
 G - a chunk of flesh


   Skills:
 - Level 9.2 Fighting
 - Level 9.2 Dodging
 - Level 1.0 Stealth
 + Level 5.8 Shields
 - Level 11.0 Unarmed Combat
 + Level 5.3 Evocations


You had 11 spell levels left.
You didn't know any spells.
Your spell library contained the following spells:

 Spells                   Type           Power        Failure   Level  Hunger
 Corona                   Hex            #......      54%         1    ##.....
 Magic Dart               Conj           #...         54%         1    ##.....
 Blink                    Tloc           N/A          67%         2    ###....
 Call Imp                 Summ           #.......     67%         2    ###....
 Ensorcelled Hibernation  Hex/Ice        #.....       67%         2    ###....
 Slow                     Hex            #.......     67%         2    ###....
 Confuse                  Hex            #.......     88%         3    ####...
 Conjure Flame            Conj/Fire      #.......     88%         3    ####...
 Dazzling Spray           Conj/Hex       #.....       88%         3    ####...
 Mephitic Cloud           Conj/Pois/Air  #.......     88%         3    ####...
 Tukima's Dance           Hex            #.......     88%         3    ####...


Dungeon Overview and Level Annotations

Branches:
Dungeon (10/15)            Temple (1/1) D:5            Lair (3/6) D:10
    Orc (0/2) D:10        Volcano (visited)
  Swamp: Lair:2-4    Shoals: Lair:2-4     Snake: Lair:2-4    Spider: Lair:2-4

Altars:
Ashenzari
Cheibriados
Dithmenos
Elyvilon
Fedhas
Gozag
Hepliaklqana
Kikubaaqudgha
Makhleb
Nemelex Xobeh
Okawaru
Qazlal
Ru
Sif Muna
Trog
Uskayaw
Vehumet
Wu Jian
Xom
Yredelemnul
Zin
The Shining One
Beogh


Innate Abilities, Weirdness & Mutations

You are too large for most types of armour.
You have claws for hands.
Your metabolism is lightning-fast.
You like to eat raw meat.
Your natural rate of healing is unusually fast.
You are covered in fur. (AC +1)
You have extremely tough skin. (AC +3)
You are agile. (Dex +2)
Your mind is acute. (Int +2)
Your flesh is cold resistant. (rC+)


Message History

You kill the yak!
The yak misses you. You block the yak's attack.
You mangle the yak!!
The yak is heavily wounded.
The yak closely misses you. The yak barely misses you.
You block the yak's attack.
You scratch the yak.
The yak is heavily wounded.
You block the yak's attack. The yak gores you!
* * * LOW HITPOINT WARNING * * *
You claw the yak!
The yak is almost dead.
The yak gores you!
* * * LOW HITPOINT WARNING * * *
You block the yak's attack. The yak gores you.
* * * LOW HITPOINT WARNING * * *
You see here a crocodile skeleton.
The yak gores you!
You die...

##. ##### .#
##.###.#.# ..#
###........## ....
##...........#
...##............#
#..##...........##
#P..#..........#.#
#..†#...YY@..<.##
#.......Y....##
#...#.....####
#.##..#.##.# #
##..####.# #...
... ...... .##.
....P#.. ## #
........##


You could see 3 yaks.

Vanquished Creatures
  The ghost of Sableheart the Arsonist, a journeyman DrFE of Vehumet (D:9)
  Harold (D:8)
  2 two-headed ogres
  The ghost of Saltbearer the Fighter, a novice FoAK of Lugonu (D:8)
  The ghost of viiviliisa the Protected, a novice GrFi (D:7)
  3 elephants
  Joseph (D:7)
  4 molten gargoyles (Volcano)
  4 spiny frogs
  2 efreet (Volcano)
  3 komodo dragons
  2 trolls
  3 blink frogs (Lair:1)
  A hippogriff (D:7)
  8 yaks
  A wyvern (Lair:1)
  5 fire elementals (Volcano)
  3 water moccasins
  5 porcupines
  Duvessa (D:6)
  2 ice beasts
  2 sky beasts
  A hornet zombie (D:8)
  9 orc warriors
  An eye of draining (D:10)
  2 necrophages
  2 black bears
  5 ogres
  10 wolves
  2 phantoms
  4 centaurs
  6 crocodiles
  A gnoll sergeant (D:9)
  9 bullfrogs
  2 earth elementals (Volcano)
  A wyvern zombie (D:7)
  A wyvern skeleton (D:8)
  A water moccasin skeleton (D:6)
  2 scorpions
  Dowan (D:6)
  3 wights (D:7)
  7 howler monkeys
  2 centaur zombies
  A crimson imp (D:10)
  A wyvern simulacrum (D:7)
  4 centaur skeletons
  A quasit (D:8)
  10 orc priests
  A bullfrog skeleton (D:7)
  3 hounds
  Jessica (D:2)
  Terence (D:2)
  4 iguanas
  8 orc wizards
  6 worker ants
  A killer bee zombie (D:7)
  2 hound zombies
  5 gnolls (D:9)
  12 adders
  3 shadow imps
  A worker ant simulacrum (D:7)
  3 adder zombies
  4 adder skeletons
  2 worms
  2 dart slugs
  4 leopard geckos
  49 orcs
  A ball python (D:7)
  4 bats
  5 giant cockroaches
  13 goblins
  5 hobgoblins
  14 jackals
  5 quokkas
  4 frilled lizards
  A giant cockroach zombie (D:5)
  13 kobolds
  A quokka zombie (D:8)
  9 rats
  3 fire vortices (Volcano)
335 creatures vanquished.

Notes
Turn   | Place    | Note
-------+----------+-------------------------------------------
     0 | D:1      | Curus the Troll Monk began the quest for the Orb.
     0 | D:1      | Reached XP level 1. HP: 22/22 MP: 0/0
   116 | D:1      | Reached XP level 2. HP: 25/29 MP: 1/1
   305 | D:1      | Reached skill level 4 in Unarmed Combat
   772 | D:2      | Reached XP level 3. HP: 36/36 MP: 2/2
   890 | D:2      | Noticed Jessica
   894 | D:2      | Killed Jessica
   894 | D:2      | Reached skill level 5 in Unarmed Combat
   894 | D:2      | Reached XP level 4. HP: 44/44 MP: 3/3
  1130 | D:2      | Noticed Terence
  1137 | D:2      | Killed Terence
  1631 | D:3      | Found an iron altar of Okawaru.
  1813 | D:3      | Found a sacrificial altar of Ru.
  1860 | D:3      | Found an opulent altar of Gozag.
  1861 | D:3      | Found a blossoming altar of Fedhas.
  1861 | D:3      | Found a hazy altar of Hepliaklqana.
  2234 | D:4      | Reached XP level 5. HP: 50/50 MP: 4/4
  2252 | D:4      | Reached skill level 6 in Unarmed Combat
  2487 | D:4      | Noticed an ogre
  2493 | D:4      | Killed an ogre
  2493 | D:4      | Reached skill level 7 in Unarmed Combat
  2493 | D:4      | Reached XP level 6. HP: 57/59 MP: 5/5
  2744 | D:5      | Entered Level 5 of the Dungeon
  2777 | D:5      | Found a staircase to the Ecumenical Temple.
  2841 | Temple   | Entered the Ecumenical Temple
  3121 | D:5      | Reached skill level 8 in Unarmed Combat
  3215 | D:5      | Noticed a sky beast
  3223 | D:5      | Killed a sky beast
  3223 | D:5      | Reached XP level 7. HP: 59/66 MP: 6/6
  3644 | D:6      | Reached skill level 9 in Unarmed Combat
  3784 | D:6      | Reached XP level 8. HP: 73/74 MP: 7/7
  3847 | D:6      | Reached skill level 10 in Unarmed Combat
  4158 | D:6      | Noticed Duvessa
  4161 | D:6      | Noticed Dowan
  4164 | D:6      | Killed Dowan
  4176 | D:6      | Killed Duvessa
  4176 | D:6      | Reached skill level 11 in Unarmed Combat
  4178 | D:6      | Gained mutation: Your mind is acute. (Int +2) [potion of
                  | mutation]
  4178 | D:6      | Gained mutation: Your flesh is cold resistant. (rC+)
                  | [potion of mutation]
  4178 | D:6      | Gained mutation: You are agile. (Dex +2) [potion of
                  | mutation]
  4449 | D:7      | Found a runed translucent gate.
  4450 | D:7      | Found a runed translucent gate.
  4458 | D:7      | Found a runed translucent gate.
  4458 | D:7      | Noticed viiviliisa's ghost (novice GrFi)
  4534 | D:7      | Reached XP level 9. HP: 14/84 MP: 8/8
  4889 | D:7      | Noticed Joseph
  4902 | D:7      | Killed Joseph
  5153 | D:7      | Reached skill level 5 in Fighting
  5153 | D:7      | Reached skill level 5 in Dodging
  5356 | D:7      | Killed viiviliisa's ghost
  5392 | D:8      | Found a large runed translucent door.
  5392 | D:8      | Found a large runed translucent door.
  5393 | D:8      | Noticed Saltbearer's ghost (novice FoAK)
  5614 | D:8      | Reached XP level 10. HP: 56/98 MP: 9/9
  5692 | D:8      | Noticed Harold
  5711 | D:8      | Killed Harold
  6078 | D:8      | Found a bloodstained altar of Trog.
  6451 | D:8      | Killed Saltbearer's ghost
  6495 | D:9      | Found a runed translucent gate.
  6495 | D:9      | Found a runed translucent gate.
  6497 | D:9      | Found a runed translucent gate.
  6497 | D:9      | Noticed Sableheart's ghost (journeyman DrFE)
  6500 | D:9      | Found a roughly hewn altar of Beogh.
  6500 | D:9      | Identified the +6 great sword of the Briny Deep {venom,
                  | *Noise +Rage +Fly rC++}
  6578 | D:9      | Noticed a two-headed ogre
  6585 | D:9      | Killed a two-headed ogre
  7327 | D:9      | Killed Sableheart's ghost
  7330 | D:9      | Reached XP level 11. HP: 87/113 MP: 10/10
  7380 | D:9      | Got a dazzling hat
  7396 | D:9      | Identified the +2 hat of Nukoehoa {rPois rF+ Int+3} (You
                  | found it on level 9 of the Dungeon)
  7435 | D:10     | Entered Level 10 of the Dungeon
  7599 | D:10     | Noticed a two-headed ogre
  7612 | D:10     | Killed a two-headed ogre
  7742 | D:10     | Found a roughly hewn altar of Beogh.
  7742 | D:10     | Found a staircase to the Orcish Mines.
  7837 | D:10     | Found a staircase to the Lair.
  7849 | Lair:1   | Entered Level 1 of the Lair of Beasts
  7883 | Lair:1   | HP: 4/115 [porcupine (3)]
  7889 | Lair:1   | Reached skill level 1 in Shields
  7890 | Lair:1   | Reached skill level 1 in Evocations
  9396 | Lair:2   | Reached XP level 12. HP: 123/123 MP: 13/13
  9579 | Lair:2   | Found a dark tunnel.
  9586 | Volcano  | Entered a volcano
  9845 | Volcano  | Reached skill level 5 in Shields
  9963 | Volcano  | Reached skill level 5 in Evocations
 10397 | Lair:3   | HP: 6/123 [yak (3)]
 10402 | Lair:3   | Slain by a yak

Levels and vault maps discovered:
D:1:      saegor_arrival_simple_e, layout_loops_ring
D:2:      layout_basic, uniq_jessica, uniq_terence
D:3:      layout_basic, grunt_temple_overflow_open,
          nicolae_overflow_hidden_temple
D:4:      layout_cave_pods, first_ration
D:5:      layout_basic, temple_statues
D:6:      layout_gridville, uniq_duvessa
D:7:      layout_loops_corners, gammafunk_ghost_necromancy, minmay_diced_spiral,
          uniq_joseph
D:8:      layout_loops_ring, kennysheep_mini_moat, ebering_ghost_disaster_area,
          grunt_ogre_cave, roderic_serpentine_path, uniq_harold
D:9:      layout_loops_ring, biasface_ghost_orc_armoury
D:10:     layout_irregular_city, lair_entry_dummy, david_orc_5,
          kennysheep_big_empty_room, kennysheep_cross_room, uniq_grum
Temple:   nicolae_temple_elliptical
Lair:1:   layout_cave_pods
Lair:2:   layout_regular_city, nicolae_volcano_entry_hallway, minivault_11,
          beast_lair_carwin_10, infiniplex_staircase_pool
Lair:3:   layout_cave_pods, minmay_swamp_entry_worms,
          guppyfry_snake_entry_island

Skill      XL: |  1  2  3  4  5  6  7  8  9 10 11 12 |
---------------+-------------------------------------+-----
Unarmed Combat | 4 5 7 8 9 11 | 11.0
Fighting       | 3 6 8 9 |  9.2
Dodging        | 3 6 8 9 |  9.2
Shields        | 4 5 |  5.8
Evocations     | 3 5 |  5.3
Stealth        | |  1.0

Action                   |  1- 3 |  4- 6 |  7- 9 | 10-12 || total
-------------------------+-------+-------+-------+-------++-------
Melee: Unarmed           |    77 |   106 |   264 |   702 ||  1149
       Punch             |       |     4 |    13 |    15 ||    32
  Use: Potion            |     4 |     2 |     5 |     6 ||    17
       Scroll            |     4 |     5 |       |     6 ||    15
 Stab: Invisible         |     2 |       |       |       ||     2
       Sleeping          |     1 |       |     2 |     3 ||     6
  Eat: Chunk             |    14 |    19 |    24 |    44 ||   101
Armor: Robe              |    27 |    23 |    72 |   174 ||   296
Dodge: Dodged            |    29 |    45 |    99 |   371 ||   544
Block: Other             |       |       |       |    29 ||    29
       Shield            |       |       |       |   231 ||   231
